 Dungeon Crawl Stone Soup version 0.18.1-48-g4cf74bf (webtiles) character file.

741 Mesmaeker13 the Ducker (level 7, -10/46 HPs)
             Began as a Merfolk Summoner on July 6, 2016.
             Mangled by an ogre
             ... wielding a +0 giant spiked club
              (26 damage)
             ... on level 6 of the Dungeon.
             The game lasted 00:17:47 (5507 turns).

Mesmaeker13 the Ducker (Merfolk Summoner)           Turns: 5507, Time: 00:17:48

Health: -10/46     AC:  9    Str: 10    XL:     7   Next: 75%
Magic:  8/10       EV: 12    Int: 14    God:
Gold:   293        SH:  0    Dex: 15    Spells: 3 memorised, 4 levels left

rFire  . . .     SeeInvis .     y - +0 trident
rCold  . . .     Gourm    .     g - +2 ring mail {MR+}
rNeg   . . .     Faith    .     (no shield)
rPois  .         Spirit   .     (no helmet)
rElec  .         Dismiss  .     (no cloak)
rCorr  +         Reflect  .     (no gloves)
SustAt .         Harm     .     d - +1 pair of boots
MR     +....                    (no amulet)
Stlth  +.........               (no ring)
                                i - ring of resist corrosion

@: heavily drained, somewhat resistant to hostile enchantments, very unstealthy
A: change form in water, swift swim
a: no special abilities


You were on level 6 of the Dungeon.
You were hungry.

You visited 1 branch of the dungeon, and saw 6 of its levels.

You collected 293 gold pieces.

Inventory:

Hand Weapons
 y - a +0 trident (weapon)
Missiles
 t - 17 poisoned needles
Armour
 d - a +1 pair of boots (worn)
 g - a +2 ring mail of magic resistance (worn)
Jewellery
 i - a ring of resist corrosion (left hand)
 n - an uncursed ring of ice
Scrolls
 f - a scroll of magic mapping {unknown}
 j - 6 scrolls of remove curse
 o - a scroll of enchant weapon {unknown}
 p - 2 scrolls of recharging {unknown}
 q - a scroll of teleportation
 s - a scroll of blinking
Potions
 e - 2 potions of heal wounds
 l - a potion of lignification
 m - a potion of agility {unknown}
 u - a potion of ambrosia {unknown}
 v - a potion of brilliance {unknown}
 w - a potion of resistance {unknown}
 x - a potion of flight {unknown}
Books
 b - a book of Callings

   Spells                             Type                      Level
   a - Summon Small Mammal            Summoning                    1
   b - Call Imp                       Summoning                    2
   c - Call Canine Familiar           Summoning                    3
   d - Summon Guardian Golem          Hexes/Summoning              3
   e - Summon Lightning Spire         Summoning/Air                4
   f - Summon Ice Beast               Ice/Summoning                4
Comestibles
 a - a beef jerky
 c - 3 bread rations
 h - 3 meat rations


   Skills:
 + Level 6.2(3.7) Polearms
 + Level 7.1(4.5) Dodging
 - Level 2.1(0.0) Stealth
 - Level 2.0(0.0) Spellcasting
 + Level 6.2(3.7) Summonings


You had 4 spell levels left.
You knew the following spells:

 Your Spells              Type           Power        Failure   Level  Hunger
a - Summon Small Mammal   Summ           ##..         17%         1    ##.....
b - Call Imp              Summ           ##......     28%         2    ###....
c - Call Canine Familiar  Summ           ##......     56%         3    ####...


Dungeon Overview and Level Annotations

Branches:
Dungeon (6/15)
 Temple: D:4-7

Altars:
Gozag
Makhleb
Nemelex Xobeh
Zin
The Shining One

Shops:
D:4 !

Annotations:
D:5 MBI's ghost, amateur SpAr


Message History

Aim: an ogre, wielding a giant spiked club (lightly wounded)
You reach to attack!
You puncture the ogre!
The ogre is heavily wounded.
Casting: Summon Small Mammal
Confirm with . or Enter, or press ? or * to list all spells.
The ogre hits you with a giant spiked club.
Your rat barely misses the ogre.
Your rat bites the ogre.
Your rat bites the ogre.
Your rat bites the ogre.
The ogre hits your rat with a giant spiked club!
Your rat dies!
Your rat's corpse disappears in a puff of smoke!
The ogre shouts!
Your rat bites the ogre.
You hit the ogre.
The ogre is almost dead.
The ogre hits you with a giant spiked club!!
Ouch! That really hurt!
You die...

##+###+##############
....................#
....................#
..............@.....#
............rO......#
#...#####'###'###'###
# .##.##..###...#
.........#....#
.........#....#
.........#....#
..##......'....# ...
#.....<#....#


You could see an ogre and a friendly rat.

Vanquished Creatures
  An orc warrior (D:5)
  A vampire bat (D:3)
  A crimson imp (D:5)
  A jelly (D:5)
  6 orc wizards
  3 orc priests
  2 adders
  A shadow imp (D:5)
  3 oozes
  2 worms
  A dart slug (D:4)
  3 fire bats (D:3)
  2 giant geckos (D:2)
  12 orcs
  2 spectral bats (D:3)
  3 bat skeletons (D:3)
  A bat zombie (D:3)
  5 giant cockroaches
  3 goblins
  7 hobgoblins
  7 jackals (D:1)
  A quokka (D:3)
  A ball python (D:4)
  11 bats
  A bat simulacrum (D:3)
  A giant gecko skeleton (D:4)
  A giant newt (D:1)
  6 kobolds
  9 rats
98 creatures vanquished.

Vanquished Creatures (collateral kills)
  A crimson imp (D:4)
  An orc priest (D:3)
  2 orc wizards
  2 adders (D:2)
  An adder skeleton (D:4)
  A dart slug (D:2)
  2 giant geckos
  8 orcs
  2 ball pythons
  A giant cockroach (D:2)
  3 goblins (D:1)
  7 hobgoblins
  3 jackals (D:1)
  A quokka (D:2)
  3 bats
  A giant newt (D:1)
  A kobold (D:3)
  4 rats
44 creatures vanquished.

Grand Total: 142 creatures vanquished

Notes
Turn   | Place    | Note
--------------------------------------------------------------
     0 | D:1      | Mesmaeker13 the Merfolk Summoner began the quest for the Orb.
     0 | D:1      | Reached XP level 1. HP: 13/13 MP: 3/3
   161 | D:1      | Reached skill level 3 in Dodging
   441 | D:1      | Reached XP level 2. HP: 18/19 MP: 3/5
   775 | D:1      | Reached XP level 3. HP: 23/24 MP: 6/6
  1236 | D:1      | Reached skill level 4 in Dodging
  1854 | D:2      | Reached XP level 4. HP: 29/30 MP: 5/7
  1865 | D:2      | Reached skill level 1 in Polearms
  2432 | D:3      | Learned a level 2 spell: Call Imp
  2481 | D:3      | Reached XP level 5. HP: 35/35 MP: 5/8
  2508 | D:3      | Reached skill level 5 in Dodging
  2701 | D:3      | Found a sparkling altar of Nemelex Xobeh.
  2718 | D:3      | Found a glowing golden altar of the Shining One.
  2787 | D:3      | Reached skill level 5 in Summonings
  2919 | D:3      | Reached XP level 6. HP: 37/41 MP: 9/9
  3245 | D:3      | Found a glowing silver altar of Zin.
  3344 | D:3      | Found a burning altar of Makhleb.
  3734 | D:4      | Found Detintuy's Distillery.
  3755 | D:4      | Reached skill level 6 in Dodging
  3812 | D:4      | Found an opulent altar of Gozag.
  4271 | D:4      | Reached skill level 5 in Polearms
  4271 | D:4      | Reached XP level 7. HP: 33/46 MP: 10/10
  4530 | D:5      | Entered Level 5 of the Dungeon
  4923 | D:5      | Learned a level 3 spell: Call Canine Familiar
  5128 | D:5      | Reached skill level 7 in Dodging
  5418 | D:5      | Noticed MBI's ghost (amateur SpAr)
  5507 | D:6      | Mangled by an ogre

Skill      XL: |  1  2  3  4  5  6  7 |
---------------+----------------------+-----
Dodging        | 3 4 5 6 7 |  7.1
Polearms       | 2 3 5 6 |  6.2
Summonings     | 5 6 |  6.2
Stealth        | |  2.1
Spellcasting   | |  2.0

Action                   |  1- 3 |  4- 6 |  7- 9 || total
-------------------------+-------+-------+-------++-------
Melee: Club              |    21 |       |       ||    21
       Unarmed           |     1 |       |       ||     1
       Dagger            |   180 |       |       ||   180
       Spear             |    18 |   400 |       ||   418
       Trident           |       |       |   145 ||   145
 Cast: Summon Small Mamm |    21 |    31 |    18 ||    70
       Call Imp          |       |     7 |       ||     7
       Call Canine Famil |       |       |     1 ||     1
  Use: Potion            |       |     3 |     1 ||     4
       Scroll            |       |     2 |     6 ||     8
 Stab: Sleeping          |     1 |     4 |       ||     5
       Distracted        |       |     4 |       ||     4
  Eat: Chunk             |     4 |     9 |     5 ||    18
Armor: Ring mail         |    99 |   148 |    42 ||   289
       Robe              |     2 |       |       ||     2
       Skin              |       |    27 |     7 ||    34
Dodge: Dodged            |   173 |   246 |    67 ||   486
